 Dungeon Crawl Stone Soup version 0.21.1-1-g345015fe64 (webtiles) character file.

4419 Gabide the Basher (level 10, -5/64 HPs)
             Began as a Gargoyle Gladiator on Feb 11, 2018.
             Was a Priest of Makhleb.
             Killed by divine providence
             ... invoked by an orc priest
              (13 damage)
             ... on level 8 of the Dungeon.
             The game lasted 00:23:27 (7652 turns).

Gabide the Basher (Gargoyle Gladiator)              Turns: 7652, Time: 00:23:27

Health: -5/64      AC: 17    Str: 21    XL:     10   Next: 36%
Magic:  13/13      EV: 13    Int:  9    God:    Makhleb [***...]
Gold:   220        SH:  0    Dex: 11    Spells: 9/9 levels left

rFire    + . .     SeeInvis .   a - +0 flail
rCold    + . .     Gourm    .   (no shield)
rNeg     + . .     Faith    .   t - +0 ring mail {rC+}
rPois    ∞         Spirit   .   c - +0 helmet
rElec    +         Reflect  .   l - +0 cloak
rCorr    .         Harm     +   (no gloves)
MR       .....                  s - +0 pair of boots
Stlth    +.........             C - amulet of harm
HPRegen  0.20/turn              i - ring of protection from fire
MPRegen  0.13/turn              (no ring)

@: no status effects
A: negative energy resistance 1, electricity resistance, unbreathing,
petrification resistance, rot immunity, AC +7
a: Minor Destruction, Lesser Servant of Makhleb, Renounce Religion


You were on level 8 of the Dungeon.
You worshipped Makhleb.
Makhleb was most pleased with you.
You were not hungry.

You visited 2 branches of the dungeon, and saw 9 of its levels.

You collected 220 gold pieces.

Inventory:

Hand Weapons
 a - a +0 flail (weapon)
 v - a +0 war axe
 w - a +0 flail
Armour
 b - a +0 leather armour
 c - a +0 helmet (worn)
 l - a +0 cloak (worn)
 q - a +1 robe of magic resistance
 s - a +0 pair of boots (worn)
 t - a +0 ring mail of cold resistance (worn)
 u - a +0 ring mail of fire resistance
Magical Staves
 G - an uncursed staff of air
Jewellery
 i - a ring of protection from fire (left hand)
 C - an amulet of harm (around neck)
Wands
 d - a wand of iceblast (13)
 h - a wand of acid (12)
Scrolls
 g - 7 scrolls of remove curse
 o - 2 scrolls of noise
 y - 3 scrolls of immolation {unknown}
 B - a scroll of fear {unknown}
 E - 3 scrolls of teleportation
 F - 2 scrolls of identify
 I - a scroll of amnesia {unknown}
Potions
 e - a potion of berserk rage
 j - 3 potions of brilliance
 k - a potion of ambrosia
 m - 3 potions of magic
 n - a potion of might
 p - a potion of lignification
 r - a potion of invisibility
 z - a potion of heal wounds
 A - a potion of cancellation {unknown}
 D - 3 potions of curing
Books
 x - a book of Flames

   Spells                             Type                      Level
   a - Flame Tongue                   Conjuration/Fire             1
   b - Throw Flame                    Conjuration/Fire             2
   c - Conjure Flame                  Conjuration/Fire             3
   d - Inner Flame                    Hexes/Fire                   3
   e - Sticky Flame                   Conjuration/Fire             4
   f - Fireball                       Conjuration/Fire             5
Comestibles
 f - 8 rations


   Skills:
 * Level 8.2 Fighting
 + Level 9.7 Maces & Flails
 - Level 2.0 Throwing
 + Level 6.2 Armour
 + Level 5.1 Dodging
 - Level 1.0 Stealth
 * Level 4.3 Invocations


You had 9 spell levels left.
You didn't know any spells.

Dungeon Overview and Level Annotations

Branches:
Dungeon (8/15)             Temple (1/1) D:4
   Lair: D:8-11

Altars:
Ashenzari
Cheibriados
Elyvilon
Fedhas
Hepliaklqana
Kikubaaqudgha
Makhleb
Nemelex Xobeh
Okawaru
Qazlal
Ru
Sif Muna
Uskayaw
Vehumet
Wu Jian
Yredelemnul
The Shining One


Innate Abilities, Weirdness & Mutations

You are resistant to torment.
Your stone body is resilient. (AC +7)
You are immune to poison.
You resist negative energy. (rN+)
You are resistant to electric shocks. (rElec)
You can survive without breathing.
You are immune to petrification.
You are immune to rotting.


Message History

The orc warrior is moderately wounded.
The orc warrior barely misses you.
You sock the orc warrior!
The orc warrior is severely wounded.
The orc warrior hits you with a dire flail!!
* * * LOW HITPOINT WARNING * * *
You bump into the rock wall.
You feel less confused.
The orc priest looks braver for a moment.
The orc warrior hits you with a dire flail!
* * * LOW HITPOINT WARNING * * *
You barely miss the orc warrior.
The orc warrior is severely wounded.
The orc wizard gestures wildly while chanting.
The orc wizard seems to speed up.
The orc warrior barely misses you.
You hit the orc warrior.
The orc warrior is severely wounded.
The orc priest calls down the wrath of Beogh upon you.
Beogh smites you!
You die...

. .# .# .# .#
################ .#
...oo{o@.......#
.#####################.##
..............# #.#
.############.# #.#
.........#....# #.#
.#######.#.##### #.# .#
#.#.....# #.#
.#######.#####.# #.#
.##............# #.#


You could see an orc warrior, an orc priest and an orc wizard.

Vanquished Creatures
  The ghost of matti1234 the Vexing, a novice GnAM of Sif Muna (D:6)
  Psyche (D:8)
  3 hippogriffs (D:7)
  A hungry ghost (D:7)
  A water moccasin (D:6)
  2 ice beasts
  A sky beast (D:6)
  3 ogres
  3 phantoms
  Blork the orc (D:6)
  A big kobold (D:8)
  3 bullfrogs
  A water moccasin skeleton (D:6)
  2 scorpions
  6 killer bees
  5 wights (D:6)
  2 howler monkeys
  4 crimson imps
  A jelly (D:6)
  3 orc priests
  A hound (D:6)
  5 orc wizards
  A bullfrog skeleton (D:4)
  A gnoll shaman (D:6)
  An iguana (D:6)
  9 worker ants
  A hound skeleton (D:5)
  A howler monkey zombie (D:5)
  4 gnolls (D:6)
  12 adders
  3 shadow imps
  An ooze (D:4)
  5 worms
  5 dart slugs
  5 leopard geckos
  27 orcs
  A ball python (D:5)
  11 giant cockroaches
  7 goblins
  17 hobgoblins
  5 jackals
  19 kobolds
  2 quokkas
  8 bats
  6 frilled lizards
  A quokka skeleton (D:5)
  8 rats
212 creatures vanquished.

Notes
Turn   | Place    | Note
-------+----------+-------------------------------------------
     0 | D:1      | Gabide the Gargoyle Gladiator began the quest for the Orb.
     0 | D:1      | Reached XP level 1. HP: 12/12 MP: 1/1
   280 | D:1      | Reached XP level 2. HP: 14/17 MP: 2/2
   490 | D:1      | Reached XP level 3. HP: 13/22 MP: 3/3
  1166 | D:2      | Reached XP level 4. HP: 27/27 MP: 4/4
  1208 | D:2      | Reached skill level 4 in Maces & Flails
  1681 | D:2      | Reached skill level 1 in Armour
  1681 | D:2      | Reached XP level 5. HP: 27/32 MP: 5/5
  2457 | D:3      | Reached XP level 6. HP: 32/37 MP: 6/6
  2918 | D:4      | Reached skill level 5 in Maces & Flails
  2988 | D:4      | Reached skill level 1 in Stealth
  2988 | D:4      | Reached XP level 7. HP: 42/42 MP: 7/7
  3035 | D:4      | Found a staircase to the Ecumenical Temple.
  3086 | Temple   | Entered the Ecumenical Temple
  3450 | Temple   | Became a worshipper of Makhleb the Destroyer
  4164 | D:4      | Reached skill level 6 in Maces & Flails
  4467 | D:5      | Entered Level 5 of the Dungeon
  4535 | D:5      | Reached XP level 8. HP: 36/48 MP: 8/8
  4994 | D:5      | Reached skill level 5 in Fighting
  5001 | D:5      | Reached * piety under Makhleb
  5289 | D:5      | Reached skill level 7 in Maces & Flails
  5358 | D:5      | Found a white marble altar of Elyvilon.
  5572 | D:6      | Noticed Blork the orc
  5594 | D:6      | Killed Blork the orc
  5680 | D:6      | Reached skill level 5 in Armour
  5707 | D:6      | Noticed matti1234's ghost (novice GnAM)
  5739 | D:6      | Killed matti1234's ghost
  5739 | D:6      | Reached skill level 8 in Maces & Flails
  5739 | D:6      | Reached XP level 9. HP: 6/55 MP: 9/9
  6389 | D:6      | Reached ** piety under Makhleb
  6498 | D:6      | Reached skill level 9 in Maces & Flails
  6826 | D:7      | Reached skill level 5 in Dodging
  6826 | D:7      | Reached XP level 10. HP: 51/64 MP: 10/10
  6906 | D:7      | Reached skill level 1 in Invocations
  7175 | D:8      | Noticed Psyche
  7192 | D:8      | Killed Psyche
  7354 | D:8      | Found a burning altar of Makhleb.
  7390 | D:8      | Reached *** piety under Makhleb
  7524 | D:8      | Found an iron altar of Okawaru.
  7524 | D:8      | Found a faded altar of an unknown god.
  7531 | D:8      | Found a sacrificial altar of Ru.
  7533 | D:8      | Found a basalt altar of Yredelemnul.
  7535 | D:8      | Found a deep blue altar of Sif Muna.
  7652 | D:8      | Killed from afar by an orc priest

Skill      XL: |  1  2  3  4  5  6  7  8  9 10 |
---------------+-------------------------------+-----
Dodging        | 3 4 5 |  5.1
Maces & Flails | 4 5 6 8 9 |  9.7
Armour         | 1 3 4 5 6 |  6.2
Fighting       | 3 4 6 7 8 |  8.2
Throwing       | 2 |  2.0
Stealth        | 1 |  1.0
Invocations    | 4 |  4.3

Action                   |  1- 3 |  4- 6 |  7- 9 | 10-12 || total
-------------------------+-------+-------+-------+-------++-------
Melee: Flail             |   111 |   252 |   468 |   101 ||   932
Throw: Throwing net      |       |     3 |       |       ||     3
Invok: Minor Destruction |       |       |     6 |    24 ||    30
  Use: Scroll            |       |    10 |     4 |       ||    14
       Potion            |       |       |     3 |       ||     3
 Stab: Sleeping          |     1 |     2 |       |       ||     3
       Held in net/web   |       |     1 |       |       ||     1
  Eat: Chunk             |     1 |     1 |       |     3 ||     5
       Ration            |       |     2 |     5 |       ||     7
Armor: Leather armour    |    56 |   102 |       |       ||   158
       Ring mail         |       |    50 |   255 |    51 ||   356
Dodge: Dodged            |   101 |   246 |   345 |    58 ||   750
